[Event "2nd Namma Bengaluru Open-A 2025"]
[Site "Bengaluru"]
[Date "2025.04.17"]
[Round "9.1"]
[White "Pantsulaia, Levan"]
[Black "Iniyan, Pa"]
[Result "1-0"]
[Annotator "TA"]
[ECO "A05"]
[WhiteElo "2532"]
[BlackElo "2578"]
[PlyCount "111"]
[EventDate "2025.04.10"]
[EventType "swiss"]
[EventCountry "IND"]
[SourceTitle "playchess.com"]
[Source "ChessBase"]
[SourceQuality "1"]
[TimeControl "5400+30"]

1. Nf3 Nf6 2. g3 g6 3. b3 Bg7 4. Bb2 c5 5. Bg2 d5 6. c4 d4 7. b4 O-O 8. bxc5 Nc6 9. d3 Nd7 10. Nbd2 Nxc5 11. O-O Re8 12. Nb3 {[%emt 0:01:02] A05: Réti Opening: 1 Nf3 Nf6.} Na6 $146 (12... Na4 13. Ba3 Nc3 14. Qc2 e5 15. Rfe1 a5 16. e3 Nb4 17. Bxb4 axb4 18. exd4 exd4 19. Rxe8+ Qxe8 20. Nfxd4 {0-1 Lorente Serrano,R (1872)-Moreno Alcaraz,J (2067) ESP-ch U18 Salobrena 2020 (9)}) 13. Rb1 e5 14. Ba3 {[%emt 0:02:59] The position is equal.} f5 15. Ne1 Qc7 16. Nc2 Be6 17. e3 dxe3 18. Nxe3 Qd7 19. Nd5 Rac8 20. Nd2 Nd8 21. Re1 b6 22. Nf1 Bxd5 23. Bxd5+ Kh8 24. Ne3 Ne6 25. Bg2 Rcd8 26. Nd5 Nec7 27. Nxc7 Nxc7 28. Bb2 Na6 29. Ba1 Nc5 30. Bd5 e4 31. Bxg7+ Qxg7 32. dxe4 fxe4 33. Re3 Re5 34. Qd2 Rf5 35. Qe2 Rdf8 {[%emt 0:01:21] [#] ...Rxf2 is the strong threat. White stays focused until the end.} 36. Rf1 (36. Bxe4 Rxf2 37. Qxf2 Rxf2 38. Kxf2 Qf7+ 39. Bf3 Qxc4 $15) 36... Rf3 37. Rxf3 (37. Bxe4 Rxe3 38. Qxe3 Re8 $15) 37... exf3 38. Bxf3 Qf6 39. Bd5 h5 40. h4 Kg7 41. Re1 Nd3 42. Qe7+ (42. Qxd3 $2 Qxf2+ 43. Kh1 Qxe1+ 44. Kh2 Rf2+ 45. Bg2 Rxa2 46. Qd7+ Kh6 $19) 42... Kh6 (42... Kh8 {was worth a try.} 43. Qxf6+ Rxf6 44. Re8+ Kg7) 43. Qe3+ $18 Kg7 44. Re2 (44. Qxd3 $2 {perishes.} Qxf2+ 45. Kh1 Qxe1+ 46. Kh2 Rf2+ 47. Bg2 Rxa2 48. Qd7+ Kh6 $19) 44... Nb4 45. Qe7+ Qxe7 46. Rxe7+ {[%emt 0:00:05] White attacks} Kf6 47. Rxa7 Nxd5 48. cxd5 {[%emt 0:00:08][%mdl 4096] Endgame KR-KR. White is two pawns up.} Rd8 49. Rc7 Rxd5 50. Rc6+ Kf5 51. Rxb6 {[%emt 0:00:06] [#] a4 would now be deadly.} Ra5 52. Rb2 Ke4 (52... Kf6 $142 53. Kh1 Ra3) 53. Rb4+ Kf3 $2 (53... Ke5 $18 54. a4 Kf6) 54. a4 (54. Kf1 $142 Rf5 55. a4 Rf7 56. a5 Rf8 57. a6 g5 58. hxg5 h4 59. Rxh4 Rf6 60. a7 Rf8 61. a8=R Rxa8 62. Rf4#) 54... Ra6 (54... Ke2 $18 55. Rb6 Rxa4 56. Rxg6 Ra7) 55. Kf1 Rf6 56. a5 {[%emt 0:00:12] Weighted Error Value: White=0.16 (very precise) /Black=0.44  Mistake:       	White=1     	Black=4      Inaccurate:     	White=2     	Black=6      OK:         	White=21    	Black=13     Best:        	White=6     	Black=2} 1-0

[Event "2nd Namma Bengaluru Open-A 2025"]
[Site "Bengaluru"]
[Date "2025.04.17"]
[Round "9.2"]
[White "Anuj Shrivatri"]
[Black "Petrosyan, Manuel"]
[Result "1/2-1/2"]
[Annotator "RC"]
[ECO "A29"]
[WhiteElo "2400"]
[BlackElo "2544"]
[PlyCount "60"]
[EventDate "2025.04.10"]
[EventType "swiss"]
[EventCountry "IND"]
[SourceTitle "playchess.com"]
[Source "ChessBase"]
[SourceQuality "1"]
[TimeControl "5400+30"]

1. c4 Nf6 2. Nc3 e5 3. Nf3 Nc6 4. g3 d5 5. cxd5 Nxd5 6. Bg2 Bc5 7. O-O O-O 8. d3 Nxc3 9. bxc3 h6 10. Bb2 Bg4 11. Qc2 Qe7 12. e3 Bf5 13. Nd2 Rad8 14. e4 Be6 15. Nb3 Ba3 16. Rad1 a5 17. Qc1 Bxb2 18. Qxb2 b5 19. d4 a4 20. d5 axb3 21. dxe6 Qxe6 22. axb3 b4 23. Rd5 Qe7 24. Rc1 Rb8 25. cxb4 Nd4 26. b5 Rxb5 27. Rxb5 Nxb5 28. Qc2 Rb8 29. Bf1 Qf6 30. Bxb5 Rxb5 1/2-1/2

[Event "2nd Namma Bengaluru Open-A 2025"]
[Site "Bengaluru"]
[Date "2025.04.17"]
[Round "9.3"]
[White "Audi Ameya"]
[Black "Nithin Babu"]
[Result "1/2-1/2"]
[Annotator "RC"]
[ECO "C43"]
[WhiteElo "2404"]
[BlackElo "2242"]
[PlyCount "131"]
[EventDate "2025.04.10"]
[EventType "swiss"]
[EventCountry "IND"]
[SourceTitle "playchess.com"]
[Source "ChessBase"]
[SourceQuality "1"]
[TimeControl "5400+30"]

1. e4 e5 2. Nf3 Nf6 3. d4 Nxe4 4. Bd3 d5 5. Nxe5 Bd6 6. Nd2 Bxe5 7. dxe5 Nc5 8. Nf3 Bg4 9. Be2 Nc6 10. Be3 Na4 11. Bb5 Nb6 12. h3 Bxf3 13. Qxf3 O-O 14. Bxc6 bxc6 15. Qg3 Qe7 16. O-O Nc4 17. Rae1 Qxe5 18. Qxe5 Nxe5 19. Bf4 Nc4 20. b3 Na3 21. Re2 Rfe8 22. Rfe1 Rxe2 23. Rxe2 Nb5 24. c4 Nd4 25. Rd2 Ne6 26. Be3 dxc4 27. bxc4 a6 28. Rd3 Kf8 29. g4 g5 30. Kg2 Kg7 31. Ra3 Kf8 32. Ra5 f6 33. h4 h6 34. Kg3 gxh4+ 35. Kxh4 Ng5 36. Rf5 Ke7 37. Bd4 Ne4 38. f3 Rd8 39. Be3 Ng5 40. Bc1 Rd3 41. Kg3 Ne4+ 42. Kg2 Nd6 43. Ra5 Nxc4 44. Rxa6 Ne5 45. Ra3 Nxf3 46. Rxd3 Ne1+ 47. Kf1 Nxd3 48. Bxh6 c5 49. Ke2 c4 50. Kd2 Ne5 51. Bf4 Nxg4 52. Bxc7 Kd7 53. Bf4 Kc6 54. Kc3 Kd5 55. a4 Nf2 56. a5 Ne4+ 57. Kb4 c3 58. a6 Kc6 59. Kc4 Kb6 60. Kd3 f5 61. Be5 Kxa6 62. Bxc3 Kb5 63. Kd4 Kc6 64. Ke5 Nd6 65. Bb4 f4 66. Kxf4 1/2-1/2

[Event "2nd Namma Bengaluru Open-A 2025"]
[Site "Bengaluru"]
[Date "2025.04.17"]
[Round "9.4"]
[White "Dzhumaev, Marat"]
[Black "Chanda, Sandipan"]
[Result "0-1"]
[Annotator "RC"]
[ECO "A04"]
[WhiteElo "2352"]
[BlackElo "2485"]
[PlyCount "46"]
[EventDate "2025.04.10"]
[EventType "swiss"]
[EventCountry "IND"]
[SourceTitle "playchess.com"]
[Source "ChessBase"]
[SourceQuality "1"]
[TimeControl "5400+30"]

1. Nf3 f5 2. e4 fxe4 3. Ng5 Nc6 4. d3 e3 5. Bxe3 e5 6. Nc3 Be7 7. Nd5 Nf6 8. Qf3 O-O 9. O-O-O Kh8 10. h4 e4 11. dxe4 Nxd5 12. Qh5 Nf6 13. Nf7+ Rxf7 14. Qxf7 d5 15. Bd4 Nxd4 16. Rxd4 Qd6 17. Bb5 c6 18. exd5 cxb5 19. Re1 Bf8 20. f3 Bd7 21. g4 Bc6 22. dxc6 Qxd4 23. Qxb7 Rd8 0-1

[Event "2nd Namma Bengaluru Open-A 2025"]
[Site "Bengaluru"]
[Date "2025.04.17"]
[Round "9.5"]
[White "Harsh Suresh"]
[Black "Grigoryan, Karen H."]
[Result "1/2-1/2"]
[Annotator "TA"]
[ECO "B61"]
[WhiteElo "2389"]
[BlackElo "2556"]
[PlyCount "73"]
[EventDate "2025.04.10"]
[EventType "swiss"]
[EventCountry "IND"]
[SourceTitle "playchess.com"]
[Source "ChessBase"]
[SourceQuality "1"]
[TimeControl "5400+30"]

1. e4 c5 2. Nf3 Nc6 3. d4 cxd4 4. Nxd4 Nf6 5. Nc3 d6 6. Bg5 Bd7 7. Qd2 Rc8 8. f3 Nxd4 {[%emt 0:00:00] B61: Sicilian: Richter-Rauzer: 6...Bd7 7 Qd2.} 9. Qxd4 Qa5 10. h4 a6 {[%emt 0:00:00] White is slightly better.} 11. O-O-O h6 12. Be3 {[%emt 0:10:50] A sharp opening} g6 13. Bc4 Bg7 14. Bb3 Be6 15. Bxe6 $146 (15. Qa7 $16) (15. Kb1 h5 16. Qd2 Nd7 17. Bd4 Bxd4 18. Qxd4 Qe5 19. Qe3 Qc5 20. Qd2 Ne5 21. Qg5 {½-½ Kurnosov,I (2593)-Iljushin,A (2552) RUS-chT Dagomys 2008 (4)}) 15... fxe6 $11 16. Qd2 Nd7 17. Bd4 Ne5 18. Qf2 (18. Qf4 $5) 18... O-O 19. Bb6 Qb4 20. a3 Qc4 {[%emt 0:00:00][%cal Oe5g4] With the idea ...Ng4!.} 21. Bd4 b5 22. Qg3 Nc6 23. Bxg7 (23. b3 $2 Qxd4 24. Rxd4 Nxd4 $19) 23... Kxg7 24. f4 $1 h5 25. Qg5 b4 26. axb4 Rf6 27. g4 (27. Rh3 $1 $15) 27... Nxb4 $2 (27... Qxb4 $17 {Strongly threatening ...Rb8.} 28. gxh5 Rb8) 28. Kb1 {[%emt 0:00:36] and e5 should not be overlooked} Rc5 29. e5 {[%emt 0:00:47] [#]} (29. f5 $11) 29... Nc6 $2 {[%emt 0:00:00] [#]} (29... Nd5 $1 $17 {[%cal Rd5c3] and life is bright.} 30. Rd3 (30. exf6+ $2 exf6 $19) 30... Nxf4 (30... Rxf4 31. gxh5 Rg4 32. h6+ Kh7 33. Qd2 $19) 31. Rxd6 (31. exf6+ $2 exf6 $19) 31... Rf7) 30. Rxd6 Rxf4 {[%emt 0:00:00] The position is equal.} 31. Rxc6 Rxc6 32. gxh5 Rf1+ 33. Rxf1 Qxf1+ 34. Ka2 {[%emt 0:00:05] The board is on fire.} Qc4+ 35. Kb1 Qf1+ 36. Ka2 Qc4+ 37. Kb1 {[%emt 0:01:02] Weighted Error Value: White=0.18 (very precise) /Black=0.20 (precise)   Mistake:       	White=4     	Black=2      Inaccurate:     	White=1     	---        OK:         	White=10    	Black=15     Best:        	White=6     	---        Strong:       	White=1     	---} 1/2-1/2

[Event "2nd Namma Bengaluru Open-A 2025"]
[Site "Bengaluru"]
[Date "2025.04.17"]
[Round "9.6"]
[White "Aronyak Ghosh"]
[Black "Subhayan Kundu"]
[Result "1-0"]
[Annotator "RC"]
[ECO "A07"]
[WhiteElo "2525"]
[BlackElo "2356"]
[PlyCount "57"]
[EventDate "2025.04.10"]
[EventType "swiss"]
[EventCountry "IND"]
[SourceTitle "playchess.com"]
[Source "ChessBase"]
[SourceQuality "1"]
[TimeControl "5400+30"]

1. Nf3 d5 2. g3 Nf6 3. Bg2 e6 4. O-O Be7 5. d3 O-O 6. Nbd2 Nc6 7. e4 dxe4 8. dxe4 e5 9. Qe2 Be6 10. c3 Nd7 11. Nc4 f6 12. Ne3 Nb6 13. Rd1 Qe8 14. Nd5 Qf7 15. Nxc7 Bc4 16. Qc2 Rad8 17. Nd2 Bd3 18. Qb3 Nc4 19. Nxc4 Bxc4 20. Qc2 Rxd1+ 21. Qxd1 Rd8 22. Nd5 f5 23. Nxe7+ Qxe7 24. Qe1 f4 25. gxf4 Qf7 26. b3 Qh5 27. f3 Bf7 28. f5 g6 29. fxg6 1-0

[Event "2nd Namma Bengaluru Open-A 2025"]
[Site "Bengaluru"]
[Date "2025.04.17"]
[Round "9.7"]
[White "Venkatesh, M.R."]
[Black "Stany, G.A."]
[Result "1/2-1/2"]
[Annotator "RC"]
[ECO "B31"]
[WhiteElo "2355"]
[BlackElo "2454"]
[PlyCount "67"]
[EventDate "2025.04.10"]
[EventType "swiss"]
[EventCountry "IND"]
[SourceTitle "playchess.com"]
[Source "ChessBase"]
[SourceQuality "1"]
[TimeControl "5400+30"]

1. e4 c5 2. Nf3 Nc6 3. Bb5 g6 4. O-O Bg7 5. Re1 e5 6. b4 cxb4 7. a3 Nge7 8. axb4 O-O 9. Bxc6 dxc6 10. Bb2 Qc7 11. d3 Rd8 12. Nbd2 Be6 13. Ra3 c5 14. b5 f6 15. Qa1 Nc8 16. Nf1 Nb6 17. Ne3 Bh6 18. h3 Bf4 19. Ng4 Bxg4 20. hxg4 h6 21. g3 Bg5 22. Kg2 Qd7 23. Rh1 Re8 24. Rxa7 Qxb5 25. Rb1 Rxa7 26. Qxa7 Na4 27. Bxe5 Qxb1 28. Qxa4 Rxe5 29. Nxe5 fxe5 30. Qe8+ Kh7 31. Qf7+ Kh8 32. Qf8+ Kh7 33. Qf7+ Kh8 34. Qf8+ 1/2-1/2

[Event "2nd Namma Bengaluru Open-A 2025"]
[Site "Bengaluru"]
[Date "2025.04.17"]
[Round "9.8"]
[White "Goutham Krishna H"]
[Black "Hari Madhavan N B"]
[Result "0-1"]
[Annotator "RC"]
[ECO "A12"]
[WhiteElo "2449"]
[BlackElo "2393"]
[PlyCount "92"]
[EventDate "2025.04.10"]
[EventType "swiss"]
[EventCountry "IND"]
[SourceTitle "playchess.com"]
[Source "ChessBase"]
[SourceQuality "1"]
[TimeControl "5400+30"]

1. c4 c6 2. Nf3 d5 3. b3 Bf5 4. Bb2 e6 5. g3 Nf6 6. Bg2 Nbd7 7. O-O h6 8. d3 Be7 9. cxd5 cxd5 10. Nc3 O-O 11. Re1 Bh7 12. Rc1 Rc8 13. h3 a6 14. a3 e5 15. e4 d4 16. Nb1 Qb6 17. Nbd2 Qe6 18. Rb1 Nc5 19. Nc4 Nfd7 20. Bf1 b5 21. Ncd2 f5 22. b4 fxe4 23. bxc5 exf3 24. Bxd4 Bxc5 25. Bxc5 Nxc5 26. Re3 Rcd8 27. Qc2 Qd5 28. Ne4 Ne6 29. Rbe1 Nd4 30. Qb2 Rc8 31. g4 Rfe8 32. Ng3 Qd6 33. Ne4 Qb6 34. Rc1 Bxe4 35. Rxc8 Rxc8 36. Rxe4 Qc5 37. Qa2+ Kh8 38. Re1 Qc3 39. Rb1 Qc2 40. Rb2 Qd1 41. Rb1 Rc1 42. Rxc1 Qxc1 43. Qd5 Qe1 44. Qc5 Kh7 45. g5 hxg5 46. Qd5 Ne2+ 0-1

[Event "2nd Namma Bengaluru Open-A 2025"]
[Site "Bengaluru"]
[Date "2025.04.17"]
[Round "9.9"]
[White "Vaz, Ethan"]
[Black "Karthikeyan, P.."]
[Result "*"]
[Annotator "RC"]
[ECO "B15"]
[WhiteElo "2430"]
[BlackElo "2312"]
[PlyCount "34"]
[EventDate "2025.04.10"]
[EventType "swiss"]
[EventCountry "IND"]
[SourceTitle "playchess.com"]
[Source "ChessBase"]
[SourceQuality "1"]
[TimeControl "5400+30"]

1. e4 c6 2. d4 d5 3. Nc3 dxe4 4. Nxe4 Nf6 5. Nxf6+ exf6 6. c3 Bd6 7. Bd3 O-O 8. Qc2 Re8+ 9. Ne2 h5 10. O-O h4 11. Nf4 Nd7 12. Qd1 Nf8 13. Qh5 Bd7 14. Bd2 f5 15. Nh3 g6 16. Qh6 Nh7 17. Bc4 Be6 *

[Event "2nd Namma Bengaluru Open-A 2025"]
[Site "Bengaluru"]
[Date "2025.04.17"]
[Round "9.10"]
[White "Viani Antonio Dcunha"]
[Black "Mehar, Chinna Reddy C.H."]
[Result "0-1"]
[Annotator "RC"]
[ECO "C93"]
[WhiteElo "2378"]
[BlackElo "2418"]
[PlyCount "66"]
[EventDate "2025.04.10"]
[EventType "swiss"]
[EventCountry "IND"]
[SourceTitle "playchess.com"]
[Source "ChessBase"]
[SourceQuality "1"]
[TimeControl "5400+30"]

1. e4 e5 2. Nf3 Nc6 3. Bb5 a6 4. Ba4 Nf6 5. O-O Be7 6. Re1 b5 7. Bb3 O-O 8. c3 d6 9. h3 Bb7 10. d4 Re8 11. Ng5 Rf8 12. Nf3 Re8 13. Nbd2 Bf8 14. Bc2 h6 15. d5 Nb8 16. a4 Nbd7 17. b4 c6 18. c4 Qc7 19. dxc6 Bxc6 20. Ba3 bxc4 21. Nxc4 d5 22. exd5 Nxd5 23. Na5 Nxb4 24. Bxb4 Bxf3 25. Qd2 Bxb4 26. Qxb4 Qxc2 27. gxf3 Nf6 28. Rac1 Qg6+ 29. Kh2 Qf5 30. Nc6 Qxf3 31. Qh4 Qf5 32. Rc5 g5 33. Nd4 Qg6 0-1

[Event "2nd Namma Bengaluru Open-A 2025"]
[Site "Bengaluru"]
[Date "2025.04.17"]
[Round "9.11"]
[White "Saravana, Krishnan P."]
[Black "Nguyen, Quoc Hy"]
[Result "1-0"]
[Annotator "RC"]
[ECO "B55"]
[WhiteElo "2177"]
[BlackElo "2404"]
[PlyCount "53"]
[EventDate "2025.04.10"]
[EventType "swiss"]
[EventCountry "IND"]
[SourceTitle "playchess.com"]
[Source "ChessBase"]
[SourceQuality "1"]
[TimeControl "5400+30"]

1. e4 c5 2. Nf3 d6 3. d4 cxd4 4. Nxd4 Nf6 5. Bd3 g6 6. c4 Bg7 7. Nc3 O-O 8. h3 Nc6 9. Be3 Bd7 10. Qd2 Rc8 11. O-O a6 12. Rfd1 Nxd4 13. Bxd4 Bc6 14. b4 b6 15. a3 Bb7 16. Rac1 Nd7 17. Be3 Re8 18. Bf1 Nf6 19. e5 Nd7 20. exd6 exd6 21. Qxd6 Rxe3 22. fxe3 Qg5 23. Qxd7 Qxe3+ 24. Kh1 Be5 25. Re1 Qf4 26. Rxe5 Qxc1 27. Qd3 1-0

[Event "2nd Namma Bengaluru Open-A 2025"]
[Site "Bengaluru"]
[Date "2025.04.17"]
[Round "9.12"]
[White "Rajesh, V A V"]
[Black "Fedorov, Alexei"]
[Result "0-1"]
[Annotator "RC"]
[ECO "E71"]
[WhiteElo "2331"]
[BlackElo "2396"]
[PlyCount "56"]
[EventDate "2025.04.10"]
[EventType "swiss"]
[EventCountry "IND"]
[SourceTitle "playchess.com"]
[Source "ChessBase"]
[SourceQuality "1"]
[TimeControl "5400+30"]

1. d4 Nf6 2. c4 g6 3. Nc3 Bg7 4. e4 d6 5. h3 Nbd7 6. Be3 e5 7. d5 Nc5 8. Qc2 Nh5 9. b4 Nd7 10. c5 O-O 11. cxd6 cxd6 12. Nb5 Ndf6 13. g4 Nf4 14. Nc7 Rb8 15. Bxa7 Bd7 16. b5 Nxe4 17. Bxb8 Qxb8 18. b6 Nc5 19. Bc4 e4 20. Rb1 Qd8 21. Qd2 e3 22. fxe3 Ne4 23. Qh2 Qh4+ 24. Kd1 Nc3+ 25. Kc2 Nxb1 26. exf4 Qe1 27. Bb3 Re8 28. Nxe8 Na3+ 0-1

[Event "2nd Namma Bengaluru Open-A 2025"]
[Site "Bengaluru"]
[Date "2025.04.17"]
[Round "9.13"]
[White "Podolchenko, Evgeniy"]
[Black "Sammed Jaykumar, Shete"]
[Result "0-1"]
[Annotator "RC"]
[ECO "E11"]
[WhiteElo "2307"]
[BlackElo "2391"]
[PlyCount "70"]
[EventDate "2025.04.10"]
[EventType "swiss"]
[EventCountry "IND"]
[SourceTitle "playchess.com"]
[Source "ChessBase"]
[SourceQuality "1"]
[TimeControl "5400+30"]

1. d4 Nf6 2. c4 e6 3. Nf3 d5 4. g3 Bb4+ 5. Bd2 Be7 6. Bg2 Nbd7 7. O-O c6 8. Qc2 Ne4 9. Be3 Nd6 10. b3 a5 11. c5 Nf5 12. Bc1 b6 13. g4 Nh4 14. Nxh4 Bxh4 15. cxb6 Qxb6 16. Be3 a4 17. Nd2 O-O 18. g5 f6 19. f4 e5 20. Nf3 exf4 21. g6 hxg6 22. Bxf4 g5 23. Bd6 Re8 24. bxa4 Re6 25. Rab1 Qa6 26. Bb4 Rxe2 27. Qg6 Rxg2+ 28. Kxg2 Qe2+ 29. Kh1 c5 30. Bxc5 Nxc5 31. Nxh4 Nd3 32. Nf5 Nf2+ 33. Kg2 Qe4+ 34. Kxf2 Bxf5 35. Qh5 Bg4 0-1

[Event "2nd Namma Bengaluru Open-A 2025"]
[Site "Bengaluru"]
[Date "2025.04.17"]
[Round "9.14"]
[White "Ayush Sharma"]
[Black "Wagh Suyog"]
[Result "1-0"]
[Annotator "RC"]
[ECO "B12"]
[WhiteElo "2485"]
[BlackElo "2289"]
[PlyCount "81"]
[EventDate "2025.04.10"]
[EventType "swiss"]
[EventCountry "IND"]
[SourceTitle "playchess.com"]
[Source "ChessBase"]
[SourceQuality "1"]
[TimeControl "5400+30"]

1. e4 c6 2. Nf3 d5 3. e5 Bf5 4. d4 e6 5. c3 c5 6. Be3 Qb6 7. Qc1 Nc6 8. Nbd2 cxd4 9. Nxd4 Nxd4 10. Bxd4 Bc5 11. Bxc5 Qxc5 12. Nb3 Qb6 13. Nd4 Ne7 14. Bb5+ Kf8 15. O-O Bg6 16. a4 a6 17. a5 Qc7 18. Qf4 Kg8 19. Be2 Nc6 20. Nxc6 bxc6 21. c4 f6 22. cxd5 exd5 23. Rac1 Qxe5 24. Qxe5 fxe5 25. Rxc6 Kf7 26. f4 exf4 27. Rxf4+ Ke7 28. Bg4 Rhb8 29. Re6+ Kd8 30. Rd6+ Ke8 31. Re6+ Kd8 32. h4 Kc7 33. h5 Be8 34. b4 Rd8 35. Rf1 Rd6 36. Rc1+ Rc6 37. Re7+ Kd6 38. Rce1 d4 39. R1e6+ Kd5 40. Bf3+ Kc4 41. Bxc6 1-0

[Event "2nd Namma Bengaluru Open-A 2025"]
[Site "Bengaluru"]
[Date "2025.04.17"]
[Round "9.15"]
[White "Jani Kushal R"]
[Black "Savchenko, Boris"]
[Result "0-1"]
[Annotator "RC"]
[ECO "D95"]
[WhiteElo "2248"]
[BlackElo "2459"]
[PlyCount "80"]
[EventDate "2025.04.10"]
[EventType "swiss"]
[EventCountry "IND"]
[SourceTitle "playchess.com"]
[Source "ChessBase"]
[SourceQuality "1"]
[TimeControl "5400+30"]

1. d4 Nf6 2. c4 g6 3. Nc3 d5 4. Nf3 Bg7 5. e3 O-O 6. Qb3 e6 7. Be2 b6 8. O-O Bb7 9. Rd1 Nbd7 10. cxd5 exd5 11. a4 c5 12. a5 Qc7 13. Bd2 c4 14. Qc2 Bc6 15. b3 b5 16. bxc4 bxc4 17. Be1 Rfe8 18. Nd2 Rac8 19. Nf1 Ne4 20. Nxe4 Rxe4 21. f3 Re6 22. Rac1 Nf6 23. e4 dxe4 24. Qxc4 Bh6 25. Bd2 e3 26. Be1 Nd5 27. g3 Qd7 28. Qa2 Ree8 29. Rc5 Bf8 30. Bc4 Rcd8 31. Rc1 Bxc5 32. dxc5 Bb5 33. Bb3 e2 34. Nd2 Nb4 35. Qa1 Nd3 36. Ne4 Rxe4 37. fxe4 Nxc1 38. Qxc1 Qd1 39. Qc3 Rd3 40. Bxd1 exd1=Q 0-1

[Event "2nd Namma Bengaluru Open-A 2025"]
[Site "Bengaluru"]
[Date "2025.04.17"]
[Round "9.16"]
[White "Sanikidze, Tornike"]
[Black "Kshatriya Nitin Vekhande"]
[Result "0-1"]
[Annotator "RC"]
[ECO "D37"]
[WhiteElo "2448"]
[BlackElo "2133"]
[PlyCount "94"]
[EventDate "2025.04.10"]
[EventType "swiss"]
[EventCountry "IND"]
[SourceTitle "playchess.com"]
[Source "ChessBase"]
[SourceQuality "1"]
[TimeControl "5400+30"]

1. d4 Nf6 2. c4 e6 3. Nf3 d5 4. Nc3 Be7 5. Bf4 O-O 6. e3 c5 7. dxc5 Bxc5 8. Qc2 Nc6 9. a3 Qa5 10. Rd1 Be7 11. Be2 Ne4 12. cxd5 Nxc3 13. bxc3 exd5 14. O-O a6 15. a4 Bf6 16. Nd4 Bd7 17. Rb1 Rfc8 18. Qb3 Nxd4 19. cxd4 Bc6 20. Bd6 Qd8 21. Qa3 Qd7 22. a5 Re8 23. Bc5 g6 24. Rfc1 h5 25. Rb4 Bh4 26. Bd1 Qf5 27. Rb2 Bg5 28. Ra1 Re6 29. Ba4 Rae8 30. Bxc6 bxc6 31. Re1 h4 32. h3 Bh6 33. Qb3 Qg5 34. Qb7 f5 35. Qd7 Qf6 36. Rb7 Bg7 37. Reb1 f4 38. Kh2 Kh7 39. Be7 R8xe7 40. Qc8 fxe3 41. Rxe7 Rxe7 42. fxe3 Rxe3 43. Kh1 Qf5 44. Qb7 Kh6 45. Qb4 Qe4 46. Kh2 Qxd4 47. Qb7 Qe5+ 0-1

[Event "2nd Namma Bengaluru Open-A 2025"]
[Site "Bengaluru"]
[Date "2025.04.17"]
[Round "9.17"]
[White "Ram Aravind L N"]
[Black "Nitish Belurkar"]
[Result "0-1"]
[Annotator "RC"]
[ECO "B00"]
[WhiteElo "2245"]
[BlackElo "2441"]
[PlyCount "120"]
[EventDate "2025.04.10"]
[EventType "swiss"]
[EventCountry "IND"]
[SourceTitle "playchess.com"]
[Source "ChessBase"]
[SourceQuality "1"]
[TimeControl "5400+30"]

1. e4 Nc6 2. d4 d5 3. e5 Bf5 4. c3 e6 5. Ne2 f6 6. f4 g5 7. Ng3 Bg6 8. exf6 gxf4 9. f7+ Bxf7 10. Bxf4 Qh4 11. Qc1 Bh6 12. Bxh6 Nxh6 13. Nd2 Bh5 14. Nde4 Nf5 15. Qg5 Bg6 16. Qxh4 Nxh4 17. Nc5 Ke7 18. O-O-O b6 19. Nd3 Raf8 20. Ne2 Rhg8 21. Ng3 Kd6 22. Rd2 Nd8 23. Ne5 c5 24. Nxg6 hxg6 25. c4 Rf4 26. dxc5+ bxc5 27. Bd3 Nc6 28. Ne2 Rf2 29. cxd5 exd5 30. Bc4 Ne7 31. Rhd1 Kc7 32. Bb3 Rgf8 33. g3 Ng2 34. Nc3 Ne3 35. Rxf2 Rxf2 36. Re1 d4 37. Ne4 Rf5 38. Kd2 Nc6 39. Rc1 Kb6 40. Ke2 Re5 41. Kf3 Nb4 42. Bc4 Rf5+ 43. Ke2 Re5 44. Kf3 g5 45. Nd6 Kc6 46. Nf7 Nxc4 47. Nxe5+ Nxe5+ 48. Ke4 Ned3 49. Rf1 Nxb2 50. h4 gxh4 51. gxh4 Nc4 52. Rf6+ Nd6+ 53. Ke5 Nd3+ 54. Ke6 c4 55. Ke7 c3 56. Rxd6+ Kb5 57. a4+ Kc4 58. h5 c2 59. Rc6+ Nc5 60. Kd6 d3 0-1

[Event "2nd Namma Bengaluru Open-A 2025"]
[Site "Bengaluru"]
[Date "2025.04.17"]
[Round "9.18"]
[White "Schekachikhin, Maksim"]
[Black "Koustuv Dash"]
[Result "1/2-1/2"]
[Annotator "RC"]
[ECO "B10"]
[WhiteElo "2370"]
[BlackElo "2131"]
[PlyCount "82"]
[EventDate "2025.04.10"]
[EventType "swiss"]
[EventCountry "IND"]
[SourceTitle "playchess.com"]
[Source "ChessBase"]
[SourceQuality "1"]
[TimeControl "5400+30"]

1. e4 c6 2. Nf3 d5 3. exd5 cxd5 4. Ne5 a6 5. d4 Nc6 6. c3 Nxe5 7. dxe5 Bf5 8. Bd3 Bxd3 9. Qxd3 e6 10. O-O Qc7 11. Re1 Ne7 12. Nd2 Nf5 13. a4 Be7 14. Nf3 b6 15. Bf4 O-O 16. Rac1 Rfc8 17. Nd4 Nxd4 18. cxd4 Qb7 19. h3 Rc7 20. Rc2 Rxc2 21. Rd1 Rc1 22. Rxc1 Rc8 23. Rc2 Rxc2 24. Qxc2 h6 25. Be3 Bd8 26. b3 Qc7 27. Qd3 Qc8 28. g3 Be7 29. Kg2 Bb4 30. Bd2 Bxd2 31. Qxd2 Qc6 32. Qb4 b5 33. axb5 Qxb5 34. Qxb5 axb5 35. g4 b4 36. f4 g6 37. Kg3 Kh7 38. h4 Kg7 39. f5 g5 40. f6+ Kg6 41. h5+ Kh7 1/2-1/2

[Event "2nd Namma Bengaluru Open-A 2025"]
[Site "Bengaluru"]
[Date "2025.04.17"]
[Round "9.19"]
[White "Manish Anto Cristiano F"]
[Black "Gochelashvili, David"]
[Result "1/2-1/2"]
[Annotator "RC"]
[ECO "B36"]
[WhiteElo "2361"]
[BlackElo "2227"]
[PlyCount "132"]
[EventDate "2025.04.10"]
[EventType "swiss"]
[EventCountry "IND"]
[SourceTitle "playchess.com"]
[Source "ChessBase"]
[SourceQuality "1"]
[TimeControl "5400+30"]

1. e4 c5 2. Nf3 Nc6 3. d4 cxd4 4. Nxd4 g6 5. c4 Nf6 6. Nc3 Nxd4 7. Qxd4 d6 8. Be2 Bg7 9. O-O O-O 10. Qd3 a6 11. Be3 Bd7 12. Rfd1 b5 13. cxb5 axb5 14. Nxb5 Bxb5 15. Qxb5 Rb8 16. Qc4 Rxb2 17. Bd4 Rb8 18. a4 Qa5 19. Bc3 Qa8 20. Bxf6 Bxf6 21. Ra2 Rfc8 22. Qd5 Qa7 23. Bb5 Rc5 24. Qd2 Rbc8 25. g3 h5 26. h4 Rc3 27. Kg2 R8c5 28. Qe2 Qa5 29. Rd5 Kg7 30. Rxc5 Rxc5 31. Rc2 Bd4 32. Rxc5 dxc5 33. Qf3 Qd2 34. Be8 Qa2 35. Bc6 c4 36. e5 c3 37. Be4 Qxa4 38. Bd5 e6 39. Qf6+ Kg8 40. Qd8+ Kh7 41. Qe7 Qa7 42. Qxa7 Bxa7 43. Bb3 Kg7 44. f4 Be3 45. Kf3 Bd2 46. Ke2 Kf8 47. Ba4 Ke7 48. Bb5 Bc1 49. Kd3 c2 50. Kxc2 Be3 51. Be2 Bf2 52. g4 hxg4 53. Kd3 g3 54. Bf1 Kd7 55. Ke4 Kc6 56. Kf3 Kc5 57. Ba6 Be1 58. Bb7 Kd4 59. Bc6 g2 60. Kxg2 Ke3 61. Be8 Kxf4 62. Bxf7 Kf5 63. Kh3 Bc3 64. h5 g5 65. Bxe6+ Kxe6 66. Kg4 Kxe5 1/2-1/2